 Dungeon Crawl Stone Soup version 0.25-a0-404-gc1b5a34292 (webtiles) character file.

Game seed: 6730411889602210674, levelgen mode: deterministic

407874 Ijustatesigmund the Gnoll Aeon (level 23, -26/184 HPs)
             Began as a Gnoll Fighter on Jan 2, 2020.
             Was the Champion of Cheibriados.
             Annihilated by an Ice Fiend (39 damage)
             ... on level 1 of the Depths on Jan 10, 2020.
             The game lasted 02:33:24 (51518 turns).

Ijustatesigmund the Gnoll Aeon (Gnoll Fighter)     Turns: 51518, Time: 02:33:26

Health: -26/184    AC: 29    Str: 35    XL:     23   Next: 74%
Magic:  37/42      EV: 29    Int: 30    God:    Cheibriados [******]
Gold:   2788       SH: 24    Dex: 35    Spells: 8/52 levels left

rFire    + + .     SeeInvis +   r - +8 eveningstar (vamp)
rCold    x . .     Gourm    .   c - +1 shield
rNeg     + . .     Faith    .   w - +4 fire dragon scales
rPois    .         Spirit   .   T - +0 mask of the Dragon {MR+ Slay+3 SInv}
rElec    +         Reflect  +   R - +0 cloak "Cupehawo" {+Inv rElec rN+ SInv}
rCorr    .         Harm     .   G - +2 pair of gloves
MR       ++++.                  h - +2 pair of boots
Stlth    +++++++++.             L - +5 amulet of reflection
HPRegen  0.40/turn              Y - ring of Shadows {Umbra +Inv Stlth+}
MPRegen  0.28/turn              N - ring of the Mage {Wiz MR++ Int+3}

@: wreathed by umbra, very slow
A: distributed training, fangs 1, molten scales 1, weak 1, strong nose
}: 1/15 runes: gossamer
a: Bend Time, Temporal Distortion, Slouch, Step From Time, Renounce Religion,
Evoke Invisibility


You were on level 1 of the Depths.
You worshipped Cheibriados.
Cheibriados was exalted by your worship.
You were hungry.

You visited 8 branches of the dungeon, and saw 39 of its levels.
You also visited: Sewer, Ice Cave and Desolation.

You collected 5557 gold pieces.
You spent 2769 gold pieces at shops.

Inventory:

Hand Weapons
 r - a +8 vampiric eveningstar (weapon)
Missiles
 o - 9 atropa-tipped darts (quivered)
 Z - 38 silver javelins
Armour
 c - a +1 shield (worn)
 h - a +2 pair of boots (worn)
 w - +4 fire dragon scales (worn)
 G - a +2 pair of gloves (worn)
 R - the +0 cloak "Cupehawo" (worn) {+Inv rElec rN+ SInv}
   (You found it on level 13 of the Dungeon)

   It insulates you from electricity.
   It protects you from negative energy.
   It lets you see invisible.
   It lets you turn invisible.
 T - the +0 mask of the Dragon (worn) {MR+ Slay+3 SInv}
   (You bought it in a shop on level 2 of the Orcish Mines)

   It affects your accuracy and damage with ranged weapons and melee attacks
   (+3).
   It affects your resistance to hostile enchantments.
   It lets you see invisible.
Jewellery
 i - the ring of the Saviour {rN+ Stlth+}
   (You found it in the Desolation of Salt)

   [ring of stealth]

   It protects you from negative energy.
   It makes you more stealthy.
 F - an uncursed ring of positive energy
 L - a +5 amulet of reflection (around neck)
 N - the ring of the Mage (right hand) {Wiz MR++ Int+3}
   (You found it on level 15 of the Dungeon)

   [ring of wizardry]

   It improves your spell success rate.
   It affects your intelligence (+3).
   It affects your resistance to hostile enchantments.
 Q - an uncursed ring of poison resistance
 S - the ring "Zugomes" {rF+ rCorr SInv}
   (You found it on level 2 of the Vaults)

   [ring of resist corrosion]

   It protects you from fire.
   It lets you see invisible.
   It provides partial protection from all sources of acid and corrosion.
 V - the ring of Payciurgh {Str+2 SInv}
   (You took it off a deep elf knight on level 3 of the Elven Halls)

   [ring of see invisible]

   It affects your strength (+2).
   It lets you see invisible.
 Y - the ring of Shadows (left hand) {Umbra +Inv Stlth+}
   (You took it off an orc warrior on level 3 of the Elven Halls)

   [ring of stealth]

   It lets you turn invisible.
   It makes you more stealthy.
Wands
 k - a wand of disintegration (16)
 l - a wand of enslavement (16)
 p - a wand of flame (57)
 u - a wand of digging (13)
 x - a wand of polymorph (34)
 O - a wand of paralysis (5)
 P - a wand of scattershot (2)
 X - a wand of acid (22)
Scrolls
 a - 6 scrolls of blinking
 d - 5 scrolls of immolation
 m - 13 scrolls of teleportation
 q - a scroll of holy word
 y - 3 scrolls of silence
 A - 6 scrolls of amnesia
 B - 2 scrolls of enchant weapon
 C - 6 scrolls of fog
 D - 4 scrolls of magic mapping
 E - 12 scrolls of remove curse
 U - 3 scrolls of fear
 W - 8 scrolls of identify
Potions
 b - a potion of might
 e - 2 potions of invisibility
 g - 12 potions of curing
 j - 4 potions of ambrosia
 s - 8 potions of flight
 t - 2 potions of agility
 v - 5 potions of magic
 H - 5 potions of lignification
 J - 3 potions of mutation
 M - 4 potions of brilliance
Miscellaneous
 z - 2 phantom mirrors
Comestibles
 f - 36 rations


   Skills:
 + Level 16.1 Fighting
 + Level 15.1 Short Blades
 + Level 15.1 Long Blades
 + Level 15.6 Axes
 + Level 15.1 Maces & Flails
 + Level 15.1 Polearms
 + Level 15.1 Staves
 + Level 15.1 Slings
 + Level 15.1 Bows
 + Level 15.1 Crossbows
 + Level 15.1 Throwing
 + Level 16.1 Armour
 + Level 15.1 Dodging
 + Level 15.1 Stealth
 + Level 16.1 Shields
 + Level 15.1 Unarmed Combat
 + Level 15.1 Spellcasting
 + Level 13.0 Conjurations
 + Level 13.0 Hexes
 + Level 13.0 Charms
 + Level 13.0 Summonings
 + Level 13.0 Necromancy
 + Level 13.0 Translocations
 + Level 13.0 Transmutations
 + Level 13.0 Fire Magic
 + Level 13.0 Ice Magic
 + Level 13.0 Air Magic
 + Level 13.0 Earth Magic
 + Level 13.0 Poison Magic
 + Level 16.2 Invocations
 + Level 15.1 Evocations


You had 8 spell levels left.
You knew the following spells:

 Your Spells              Type           Power        Failure   Level  Hunger
a - Apportation           Tloc           ######       0%          1    None
b - Passwall              Tmut/Erth      #######.     1%          2    None
c - Regeneration          Chrm/Necr      #######...   1%          3    None
d - Magic Dart            Conj           ####         0%          1    None
e - Blink                 Tloc           N/A          1%          2    None
f - Shadow Creatures      Summ           N/A          1%          6    ###....
g - Lesser Beckoning      Tloc           #######...   1%          3    None
h - Freezing Cloud        Conj/Ice/Air   #######...   1%          6    ###....
i - Spellforged Servitor  Conj/Summ      #######...   6%          7    #####..
j - Orb of Destruction    Conj           #######...   6%          7    #####..
k - Iron Shot             Conj/Erth      #######...   1%          6    ###....

Your spell library contained the following spells:

 Spells                   Type           Power        Failure   Level  Hunger
 Animate Skeleton         Necr           N/A          0%          1    None
 Beastly Appendage        Tmut           ######       0%          1    None
 Corona                   Hex            #######      0%          1    None
 Freeze                   Ice            ####         0%          1    None
 Pain                     Necr           ####         0%          1    None
 Shock                    Conj/Air       ####         0%          1    None
 Sting                    Tmut/Pois      ####         0%          1    None
 Summon Small Mammal      Summ           ####         0%          1    None
 Call Imp                 Summ           #######.     1%          2    None
 Ensorcelled Hibernation  Hex/Ice        ######       1%          2    None
 Poisonous Vapours        Pois/Air       ######       1%          2    None
 Shroud of Golubria       Chrm/Tloc      ######       1%          2    None
 Slow                     Hex            #######.     1%          2    None
 Sticks to Snakes         Tmut           #######.     1%          2    None
 Swiftness                Chrm/Air       #######.     1%          2    None
 Call Canine Familiar     Summ           #######.     1%          3    None
 Confuse                  Hex            #######.     1%          3    None
 Confusing Touch          Hex            #######.     1%          3    None
 Conjure Flame            Conj/Fire      #######.     1%          3    None
 Gell's Gravitas          Tloc           #######...   1%          3    None
 Ignite Poison            Fire/Tmut/Pois #######.     1%          3    None
 Inner Flame              Hex/Fire       #######.     1%          3    None
 Mephitic Cloud           Conj/Pois/Air  #######.     1%          3    None
 Ozocubu's Armour         Chrm/Ice       #######.     1%          3    None
 Portal Projectile        Hex/Tloc       ######       1%          3    None
 Spectral Weapon          Hex/Chrm       #######.     1%          3    None
 Spider Form              Tmut/Pois      #######...   1%          3    None
 Summon Guardian Golem    Hex/Summ       #######.     1%          3    None
 Teleport Other           Tloc           #######.     1%          3    None
 Vampiric Draining        Necr           #######...   1%          3    None
 Animate Dead             Necr           N/A          1%          4    None
 Cause Fear               Hex            #######...   1%          4    None
 Hailstorm                Conj/Ice       #######.     1%          4    None
 Ice Form                 Ice/Tmut       #######.     1%          4    None
 Leda's Liquefaction      Hex/Erth       #######...   1%          4    None
 Olgreb's Toxic Radiance  Pois           #######.     1%          4    None
 Passage of Golubria      Tloc           N/A          1%          4    None
 Petrify                  Tmut/Erth      #######.     1%          4    None
 Sticky Flame             Conj/Fire      #######.     1%          4    None
 Summon Ice Beast         Ice/Summ       #######.     1%          4    None
 Summon Lightning Spire   Summ/Air       #######.     1%          4    None
 Blade Hands              Tmut           #######...   1%          5    None
 Bolt of Magma            Conj/Fire/Erth #######...   1%          5    None
 Borgnjor's Vile Clutch   Necr/Erth      #######...   1%          5    None
 Irradiate                Conj/Tmut      #######...   1%          5    None
 Iskenderun's Battlesphe  Conj/Chrm      #######.     1%          5    None
 Lee's Rapid Deconstruct  Erth           #######...   1%          5    None
 Metabolic Englaciation   Hex/Ice        #######...   1%          5    None
 Silence                  Hex/Air        #######...   1%          5    None
 Summon Demon             Summ           #######...   1%          5    None
 Summon Mana Viper        Hex/Summ       #######.     1%          5    None
 Yara's Violent Unravell  Hex/Tmut       #######...   1%          5    None
 Darkness                 Hex            #######...   1%          6    ###....
 Deflect Missiles         Chrm/Air       #######...   1%          6    ###....
 Eringya's Noxious Bog    Tmut/Pois      #######...   1%          6    ###....
 Invisibility             Hex            #######.     1%          6    ###....
 Ozocubu's Refrigeration  Ice            #######...   1%          6    ###....
 Simulacrum               Ice/Necr       #######...   1%          6    ###....
 Dragon Form              Tmut           #######...   6%          7    #####..
 Ring of Flames           Chrm/Fire      #######...   6%          7    #####..
 Discord                  Hex            #######...   38%         8    ######.


Dungeon Overview and Level Annotations

Branches:
Dungeon (15/15)            Temple (0/1) D:6            Lair (6/6) D:10
 Shoals (4/4) Lair:3       Spider (4/4) Lair:3        Slime (0/5) Lair:6
    Orc (2/2) D:11            Elf (3/3) Orc:2        Vaults (4/5) D:13
  Crypt (0/3) Vaults:3     Depths (1/5) D:15          Sewer (visited)
  IceCv (visited)         Desolation (visited)

Altars:
Ashenzari
Cheibriados
Dithmenos
Elyvilon
Gozag
Kikubaaqudgha
Makhleb
Okawaru
Ru
Sif Muna
Uskayaw
Vehumet
Yredelemnul
The Shining One
Beogh
Lugonu

Shops:
D:4 *   D:11 (   D:12 !(%   D:13 [   Orc:2 [?*=   Shoals:2 }   Vaults:2 ?
Vaults:3 [   Vaults:4 =

Portals:
Hell: Depths:1
Abyss: Depths:1
Trove: D:15 (give +6 demon whip)

Annotations:
D:13 1 runed translucent door
Lair:2 1 runed translucent door, PentaManta's ghost, journeyman VSAs
Elf:2 2 runed translucent doors
Depths:1 3 runed translucent doors


Innate Abilities, Weirdness & Mutations

Your experience applies equally to all skills.
You have very sharp teeth.
Your uncanny sense of smell can sniff out nearby items.
You are partially covered in molten scales. (AC +2)
You are weak. (Str -2)


Message History

The Ice Fiend calls on the powers of darkness!
Your body is wracked with pain!
* * * LOW HITPOINT WARNING * * *
You sock the Ice Fiend! You bite the Ice Fiend.
The Ice Fiend is moderately wounded.
Your spellforged servitor hums quietly as it recharges.
You hit the Ice Fiend.
The Ice Fiend is moderately wounded.
The Ice Fiend calls on the powers of darkness!
Your body is wracked with pain!
* * * LOW HITPOINT WARNING * * *
Your spellforged servitor launches a ball of destructive magic.
The wavering orb of destruction weakly hits the Ice Fiend!!
You hit the Ice Fiend but do no damage.
The Ice Fiend is heavily wounded.
Your spellforged servitor hums quietly as it recharges.
The Ice Fiend claws you!
* * * LOW HITPOINT WARNING * * *
The Ice Fiend freezes you!!!
You feel a terrible chill!
You die...

###### #....####### #.....)....##
### #...######..#
#....##'##....##.##
....43+3'21....#1.# ###
...4.4+3'2.....#@8####.#
.....4+.'......#..#....######
.....2###......#..'....#....## #
......+)+......#..#..........# #
#....#####....##..#..........# #
#######..######...#..........# #
.............'....#..........# ##
##...........#...##...##.....# #.
##...#########...##...##....####.


You could see an Ice Fiend and a friendly spellforged servitor.

Vanquished Creatures
  Boris (twice) (Vaults:2 Vaults:4)
  Margery (Vaults:4)
  Arachne (Spider:4)
  A Brimstone Fiend (Depths:1)
  A lich (D:13)
  Jorgrun (Orc:2)
  3 deep elf blademasters
  A titan (Vaults:2)
  3 sphinxes
  Frances (D:12)
  A tengu reaver (D:15)
  Roxanne (Spider:3)
  Agnes (Elf:1)
  A shadow dragon (Elf:1)
  Donald (Orc:2)
  A fire giant (Vaults:4)
  A frost giant (Vaults:4)
  An iron dragon (Elf:1)
  4 ghost moths (Spider:4)
  2 balrugs (Depths:1)
  10 vault wardens
  6 deep elf sorcerers
  2 imperial myrmidons (Desolation)
  The ghost of Hiufroch the Bringer of Life, a journeyman TrWz of Elyvilon (D:13)
  3 emperor scorpions
  A ghoul (Vaults:1)
  3 deep elf elementalists (Elf:3)
  10 ironheart preservers
  4 stone giants
  4 very ugly things (Depths:1)
  2 entropy weavers
  5 deep elf demonologists
  Azrael (Orc:2)
  6 halazid warlocks (Desolation)
  Nessos (Lair:4)
  6 deep elf annihilators (Elf:3)
  4 spark wasps (Spider:4)
  A dire elephant (D:15)
  The ghost of Mindthief the Grappler, a journeyman DrTm of Makhleb (Lair:6)
  A blizzard demon (Depths:1)
  3 fire dragons
  7 merfolk impalers
  7 deep elf death magi
  7 merfolk javelineers
  8 ragged hierophants (Desolation)
  8 yaktaur captains
  33 slime creatures
  Fannar (Orc:1)
  4 deep elf high priests
  Josephine (D:10)
  3 ice dragons
  8 servants of whispers
  6 peacekeepers (Desolation)
  10 hydras
  2 rakshasas (Vaults:3)
  3 vault guards
  4 catoblepae (Lair:6)
  2 merfolk avatars
  6 centaur warriors
  5 merfolk aquamancers
  A death knight (Vaults:1)
  A queen ant (D:9)
  2 alligator snapping turtles
  26 two-headed ogres
  35 dancing weapons
  2 satyrs
  A two-headed ogre (shapeshifter) (Elf:1)
  3 deep troll shamans (Vaults:3)
  10 ogre magi
  Urug (Orc:1)
  A deep troll earth mage (Vaults:3)
  13 death yaks
  2 tengu warriors
  A shock serpent (shapeshifter) (Elf:3)
  3 hell knights (Vaults:4)
  9 orc high priests
  23 deep elf knights
  4 sun demons (Depths:1)
  3 large abominations (Elf:3)
  2 shadow wraiths
  A skeletal warrior (D:13)
  13 deep trolls (Vaults:3)
  5 unseen horrors
  A glowing orange brain (Depths:1)
  12 sea snakes
  14 deep elf archers
  4 wizards
  17 ironbrand convokers
  11 orc knights
  19 harpies
  55 deep elf magi
  A lindwurm (Lair:6)
  4 necromancers
  An orb spider (shapeshifter) (Elf:3)
  15 orb spiders
  11 cyclopes
  A frost giant zombie (Vaults:3)
  A mana viper (shapeshifter) (Vaults:4)
  An orc sorcerer (Elf:3)
  20 ugly things
  A salamander (D:15)
  15 manticores
  A manticore (shapeshifter) (Elf:1)
  4 moths of wrath
  33 wolf spiders
  5 black mambas
  25 elephants
  16 fauns
  6 merfolk sirens
  4 molten gargoyles (Desolation)
  A black mamba (shapeshifter) (Vaults:4)
  2 guardian serpents
  4 ice statues (IceCv)
  14 vault sentinels
  4 water nymphs
  2 gargoyles (D:15)
  11 spiny frogs
  4 torpor snails
  4 komodo dragons
  14 demonic crawlers
  A komodo dragon (shapeshifter) (Vaults:4)
  6 centaur skeletons
  36 yaktaurs
  A kobold demonologist (D:13)
  2 tengu conjurers
  An efreet (D:13)
  6 freezing wraiths
  A yaktaur zombie (Vaults:3)
  12 ice devils
  5 trolls
  2 guardian mummies (D:15)
  A polar bear (shapeshifter) (Elf:1)
  19 jumping spiders
  41 merfolk
  9 wind drakes
  2 polar bears (Lair:6)
  A blink frog (shapeshifter) (Elf:3)
  7 snapping turtles
  A slime creature (shapeshifter) (Vaults:2)
  49 saltlings
  8 blink frogs
  15 hippogriffs
  18 dream sheep
  10 hornets
  An ettin zombie (Vaults:3)
  A stone giant simulacrum (Vaults:3)
  2 shadows
  28 tarantellas
  A human simulacrum (Vaults:2)
  60 redbacks
  A vampire (D:13)
  8 wraiths
  A human (shapeshifter) (Elf:3)
  53 yaks
  2 wyverns
  7 fire elementals
  13 water elementals
  4 basilisks
  3 hungry ghosts
  A vampire mosquito (D:12)
  4 wargs
  20 soldier ants (D:9)
  A hell hound (Orc:2)
  An acid dragon (D:15)
  10 porcupines
  Duvessa (D:7)
  40 orc warriors
  16 water moccasins
  4 sky beasts
  4 ice beasts
  2 hornet zombies
  3 eyes of draining
  A necrophage (D:12)
  3 phantoms
  3 black bears (D:10)
  22 wolves
  36 ogres
  9 crocodiles
  16 centaurs
  4 boggarts (Vaults:2)
  A crocodile (shapeshifter) (Vaults:2)
  3 big kobolds
  15 bullfrogs
  5 earth elementals
  A wyvern zombie (D:13)
  Dowan (D:7)
  7 scorpions
  7 killer bees
  13 wights
  An electric eel (D:15)
  3 howler monkeys
  7 crimson imps
  3 centaur zombies
  A draconian simulacrum (IceCv)
  4 human zombies (D:7)
  6 jellies
  3 iron imps (D:8)
  24 orc wizards
  4 hounds
  3 bullfrog zombies
  44 orc priests
  2 bullfrog skeletons
  5 human skeletons
  An iguana (D:9)
  26 worker ants
  3 spriggan simulacra (IceCv)
  2 troll simulacra (IceCv)
  A centaur simulacrum (IceCv)
  3 hound skeletons
  A mummy (D:7)
  2 worker ant zombies
  12 adders
  10 gnolls
  2 naga simulacra (IceCv)
  An ogre simulacrum (IceCv)
  2 river rats (Sewer)
  5 shadow imps
  An adder skeleton (D:5)
  A worm (D:2)
  7 dart slugs
  4 leopard geckos
  135 orcs
  7 bats
  3 giant cockroaches
  3 goblins
  5 hobgoblins
  14 jackals
  16 kobolds
  4 quokkas
  6 frilled lizards
  A giant cockroach zombie (D:6)
  A leopard gecko skeleton (D:8)
  A leopard gecko zombie (D:5)
  An orc zombie (D:7)
  A quokka zombie (D:8)
  7 rats
  2 crawling corpses (Elf:3)
  A plant (D:10)
1844 creatures vanquished.

Vanquished Creatures (collateral kills)
  A deep elf master archer (Elf:3)
  The ghost of qipq the Spry, an adept FeVM of Fedhas (Depths:1)
  Aizul (Elf:2)
  A deep elf annihilator (Elf:3)
  A yaktaur captain (Vaults:4)
  2 two-headed ogres (Vaults:4)
  A deep elf knight (Vaults:2)
  A hell knight (Vaults:4)
  A flayed ghost (Vaults:4)
  A deep elf mage (D:13)
  A wolf spider (Spider:4)
  A faun (Shoals:2)
  2 yaktaurs (Depths:1)
  3 ice devils (Depths:1)
  A merfolk (Shoals:2)
  A tarantella (Spider:4)
  A centaur (Vaults:4)
  3 orc priests (Orc:2)
  3 orcs (Orc:2)
27 creatures vanquished.

Vanquished Creatures (others)
  A deep elf master archer (Elf:3)
  A storm dragon (D:13)
  An ironheart preserver (Vaults:3)
  2 deep elf annihilators (Vaults:3)
  A blizzard demon (Depths:1)
  2 ragged hierophants (Desolation)
  A yaktaur captain (Vaults:4)
  A vault guard (Vaults:3)
  2 satyrs
  3 deep elf knights
  3 deep elf archers (Elf:1)
  A harpy (Shoals:1)
  An orb spider (Spider:3)
  2 fauns (Shoals:2)
  A cyclops (Vaults:1)
  4 deep elf magi
  A molten gargoyle (Desolation)
  7 yaktaurs
  2 saltlings (Desolation)
  2 yaks (Lair:6)
  A vampire mosquito (D:12)
  4 orc warriors
  3 centaurs (Vaults:4)
  An orc priest (Elf:1)
  An orc (Vaults:2)
  18 fungi
  18 plants
85 creatures vanquished.

Grand Total: 1956 creatures vanquished

Notes
Turn   | Place    | Note
-------+----------+-------------------------------------------
     0 | D:1      | Ijustatesigmund the Gnoll Fighter began the quest for the
                  | Orb.
     0 | D:1      | Reached XP level 1. HP: 23/23 MP: 1/1
   164 | D:1      | Reached XP level 2. HP: 28/29 MP: 2/2
   461 | D:1      | Reached XP level 3. HP: 33/35 MP: 3/3
   462 | D:1      | Found a snail-covered altar of Cheibriados.
   480 | D:1      | Became a worshipper of Cheibriados the Contemplative
   942 | D:2      | Reached skill level 1 in Invocations
   975 | D:2      | Reached skill level 1 in Short Blades
   975 | D:2      | Reached skill level 1 in Long Blades
   975 | D:2      | Reached skill level 1 in Maces & Flails
   975 | D:2      | Reached skill level 1 in Polearms
   975 | D:2      | Reached skill level 1 in Staves
   975 | D:2      | Reached skill level 1 in Slings
   975 | D:2      | Reached skill level 1 in Bows
   975 | D:2      | Reached skill level 1 in Crossbows
   975 | D:2      | Reached skill level 1 in Throwing
   975 | D:2      | Reached skill level 1 in Dodging
   975 | D:2      | Reached skill level 1 in Stealth
   975 | D:2      | Reached skill level 1 in Unarmed Combat
   975 | D:2      | Reached skill level 1 in Spellcasting
   975 | D:2      | Reached skill level 1 in Evocations
  1146 | D:2      | Reached XP level 4. HP: 41/41 MP: 5/5
  1183 | D:2      | Found a sacrificial altar of Ru.
  1251 | D:2      | Found a hide-covered altar of Uskayaw.
  1397 | D:2      | Reached * piety under Cheibriados
  1660 | D:3      | Found a white marble altar of Elyvilon.
  1806 | D:3      | Reached skill level 1 in Conjurations
  1806 | D:3      | Reached skill level 1 in Hexes
  1806 | D:3      | Reached skill level 1 in Charms
  1806 | D:3      | Reached skill level 1 in Summonings
  1806 | D:3      | Reached skill level 1 in Necromancy
  1806 | D:3      | Reached skill level 1 in Translocations
  1806 | D:3      | Reached skill level 1 in Transmutations
  1806 | D:3      | Reached skill level 1 in Fire Magic
  1806 | D:3      | Reached skill level 1 in Ice Magic
  1806 | D:3      | Reached skill level 1 in Air Magic
  1806 | D:3      | Reached skill level 1 in Earth Magic
  1806 | D:3      | Reached skill level 1 in Poison Magic
  1806 | D:3      | Reached XP level 5. HP: 47/47 MP: 6/6
  1817 | D:3      | Found a glowing drain.
  1826 | Sewer    | Entered a sewer
  1879 | Sewer    | Noticed a big kobold
  1891 | Sewer    | Killed a big kobold
  1898 | Sewer    | Reached ** piety under Cheibriados
  1922 | Sewer    | Found a glowing silver altar of Zin.
  1984 | D:3      | Reached XP level 6. HP: 53/53 MP: 8/8
  2057 | D:3      | Reached skill level 5 in Axes
  2098 | D:3      | Found an opulent altar of Gozag.
  2458 | D:4      | Reached XP level 7. HP: 33/59 MP: 10/10
  2899 | D:4      | Found Qupn's Assorted Antiques.
  2904 | D:4      | Bought a sapphire potion for 23 gold pieces
  2904 | D:4      | Bought a ruby potion for 23 gold pieces
  2904 | D:4      | Bought a tiny copper amulet for 130 gold pieces
  2954 | D:4      | Found a snail-covered altar of Cheibriados.
  3042 | D:4      | Found a shimmering blue altar of Sif Muna.
  3088 | D:5      | Entered Level 5 of the Dungeon
  3295 | D:5      | Found a shattered altar of Ashenzari.
  3307 | D:5      | Reached XP level 8. HP: 67/67 MP: 12/12
  3509 | D:5      | Reached *** piety under Cheibriados
  3670 | D:5      | Got a faintly glowing mace
  3671 | D:5      | Identified the +8 mace "Xiejeel" {protect, rC+ MR+ Dex+2}
                  | (You found it on level 5 of the Dungeon)
  3902 | D:6      | Found a sacrificial altar of Ru.
  3987 | D:6      | Found a staircase to the Ecumenical Temple.
  4154 | D:6      | Reached XP level 9. HP: 68/72 MP: 14/14
  4174 | D:6      | Found an iron altar of Okawaru.
  4408 | D:4      | Bought a wooden ring for 130 gold pieces
  4483 | D:7      | Reached **** piety under Cheibriados
  4534 | D:7      | Noticed Duvessa
  4534 | D:7      | Noticed Dowan
  4543 | D:7      | Killed Dowan
  4565 | D:7      | Killed Duvessa
  4898 | D:7      | Reached skill level 5 in Invocations
  4910 | D:7      | Reached ***** piety under Cheibriados
  4923 | D:7      | Found a basalt altar of Yredelemnul.
  5080 | D:7      | Reached XP level 10. HP: 80/80 MP: 17/17
  5245 | D:8      | Noticed a two-headed ogre
  5254 | D:8      | Killed a two-headed ogre
  5254 | D:8      | Reached skill level 5 in Short Blades
  5254 | D:8      | Reached skill level 5 in Long Blades
  5254 | D:8      | Reached skill level 5 in Maces & Flails
  5254 | D:8      | Reached skill level 5 in Polearms
  5254 | D:8      | Reached skill level 5 in Staves
  5254 | D:8      | Reached skill level 5 in Slings
  5254 | D:8      | Reached skill level 5 in Bows
  5254 | D:8      | Reached skill level 5 in Crossbows
  5254 | D:8      | Reached skill level 5 in Throwing
  5254 | D:8      | Reached skill level 5 in Dodging
  5254 | D:8      | Reached skill level 5 in Stealth
  5254 | D:8      | Reached skill level 5 in Unarmed Combat
  5254 | D:8      | Reached skill level 5 in Spellcasting
  5254 | D:8      | Reached skill level 5 in Evocations
  5290 | D:8      | Got a brightly glowing hand axe
  5421 | D:8      | Identified the +7 hand axe of Iconoclasm {chop, rC+ Int+4}
                  | (You found it on level 8 of the Dungeon)
  5500 | D:8      | Found a burning altar of Makhleb.
  5534 | D:8      | Found a glowing golden altar of the Shining One.
  5989 | D:9      | Noticed a queen ant
  6026 | D:9      | Killed a queen ant
  6026 | D:9      | Reached XP level 11. HP: 31/87 MP: 19/19
  6809 | D:9      | Reached skill level 5 in Conjurations
  6809 | D:9      | Reached skill level 5 in Hexes
  6809 | D:9      | Reached skill level 5 in Charms
  6809 | D:9      | Reached skill level 5 in Summonings
  6809 | D:9      | Reached skill level 5 in Necromancy
  6809 | D:9      | Reached skill level 5 in Translocations
  6809 | D:9      | Reached skill level 5 in Transmutations
  6809 | D:9      | Reached skill level 5 in Fire Magic
  6809 | D:9      | Reached skill level 5 in Ice Magic
  6809 | D:9      | Reached skill level 5 in Air Magic
  6809 | D:9      | Reached skill level 5 in Earth Magic
  6809 | D:9      | Reached skill level 5 in Poison Magic
  7202 | D:9      | Found a radiant altar of Vehumet.
  7623 | D:10     | Entered Level 10 of the Dungeon
  7744 | D:10     | Reached ****** piety under Cheibriados
  7897 | D:10     | Found a staircase to the Lair.
  8082 | D:10     | Noticed a six-headed hydra
  8091 | D:10     | Killed a six-headed hydra
  8489 | D:11     | Noticed Josephine
  8564 | D:10     | Killed Josephine
  8804 | D:11     | Reached XP level 12. HP: 83/96 MP: 22/22
  8928 | D:11     | Found a staircase to the Orcish Mines.
  8945 | D:11     | Found Noehoge's Weapon Emporium.
  9669 | D:12     | Found a frozen archway.
  9719 | IceCv    | Entered an ice cave
 10860 | IceCv    | Found the +3 Elemental Staff {rElec rF++ rC++ MR++ AC+5}
 10870 | IceCv    | Reached skill level 10 in Fighting
 10870 | IceCv    | Reached skill level 10 in Armour
 10870 | IceCv    | Reached skill level 10 in Shields
 10964 | D:12     | Found Neqixot's Antique Weapon Shoppe.
 11008 | D:12     | Found a roughly hewn altar of Beogh.
 11023 | D:12     | Reached XP level 13. HP: 69/103 MP: 18/24
 11052 | D:12     | Found Yqetsen's Food Shoppe.
 11583 | D:12     | Noticed Frances
 11600 | D:12     | Killed Frances
 11912 | D:12     | Found Garuv Rehe's Distillery.
 11915 | D:12     | Bought a potion of heal wounds for 75 gold pieces
 12044 | D:13     | Found a runed translucent door.
 12049 | D:13     | Noticed a storm dragon
 12050 | D:13     | Noticed a sphinx
 12050 | D:13     | Noticed a lich
 12050 | D:13     | Noticed Hiufroch's ghost (journeyman TrWz)
 12108 | D:13     | Found a gate to the Vaults.
 12108 | D:13     | Noticed an ironheart preserver
 12116 | D:13     | Killed an ironheart preserver
 12379 | D:13     | Found a runed translucent door.
 12421 | D:13     | Found Bacwutol's Antique Armour Shoppe.
 12525 | D:13     | Bought a shiny helmet for 225 gold pieces
 13307 | Lair:1   | Entered Level 1 of the Lair of Beasts
 13353 | Lair:1   | Reached XP level 14. HP: 60/111 MP: 26/26
 13764 | Lair:1   | Upgraded the game from 0.25-a0-353-ged6d54792d to
                  | 0.25-a0-356-g7c9d860b3b
 13986 | Lair:1   | Gained mutation: You have large cloven feet. [potion of
                  | mutation]
 13986 | Lair:1   | Gained mutation: You tend to lose your temper in combat.
                  | [potion of mutation]
 13986 | Lair:1   | Gained mutation: You are resistant to hostile enchantments.
                  | (MR+) [potion of mutation]
 13987 | Lair:1   | Lost mutation: You tend to lose your temper in combat.
                  | [potion of mutation]
 13987 | Lair:1   | Lost mutation: You are resistant to hostile enchantments.
                  | (MR+) [potion of mutation]
 13987 | Lair:1   | Lost mutation: You have large cloven feet. [potion of
                  | mutation]
 13987 | Lair:1   | Gained mutation: You are weak. (Str -2) [potion of
                  | mutation]
 13987 | Lair:1   | Gained mutation: You are partially covered in molten
                  | scales. (AC +2) [potion of mutation]
 14396 | Lair:2   | Reached skill level 10 in Axes
 14887 | Lair:2   | Found a runed translucent door.
 14887 | Lair:2   | Noticed PentaManta's ghost (journeyman VSAs)
 15564 | D:13     | Killed a lich
 15571 | D:13     | Killed a storm dragon
 15571 | D:13     | Reached skill level 10 in Invocations
 15592 | D:13     | Killed Hiufroch's ghost
 15972 | D:13     | Got a faintly glowing cloak
 15984 | D:13     | Identified the cursed +0 cloak "Cupehawo" {+Inv rElec rN+
                  | SInv} (You found it on level 13 of the Dungeon)
 16056 | D:13     | Paralysed by a sphinx for 6 turns
 16069 | D:13     | Killed a sphinx
 16564 | Lair:3   | Found a hole to the Spider Nest.
 16784 | Lair:3   | Found a staircase to the Shoals.
 17698 | Lair:4   | Noticed Nessos
 17720 | Lair:4   | Killed Nessos
 17953 | Lair:4   | Reached XP level 15. HP: 83/119 MP: 25/28
 18301 | Lair:4   | Found a shadowy altar of Dithmenos.
 18733 | Lair:4   | Learned a level 1 spell: Apportation
 18736 | Lair:4   | Learned a level 2 spell: Passwall
 18961 | Lair:6   | Entered Level 6 of the Lair of Beasts
 19865 | Lair:5   | Reached skill level 10 in Short Blades
 19865 | Lair:5   | Reached skill level 10 in Long Blades
 19865 | Lair:5   | Reached skill level 10 in Maces & Flails
 19865 | Lair:5   | Reached skill level 10 in Polearms
 19865 | Lair:5   | Reached skill level 10 in Staves
 19865 | Lair:5   | Reached skill level 10 in Slings
 19865 | Lair:5   | Reached skill level 10 in Bows
 19865 | Lair:5   | Reached skill level 10 in Crossbows
 19865 | Lair:5   | Reached skill level 10 in Throwing
 19865 | Lair:5   | Reached skill level 10 in Dodging
 19865 | Lair:5   | Reached skill level 10 in Stealth
 19865 | Lair:5   | Reached skill level 10 in Unarmed Combat
 19865 | Lair:5   | Reached skill level 10 in Spellcasting
 19865 | Lair:5   | Reached skill level 10 in Evocations
 20093 | Lair:6   | Found a runed translucent gate.
 20093 | Lair:6   | Found a runed translucent gate.
 20094 | Lair:6   | Found a runed translucent gate.
 20095 | Lair:6   | Noticed Mindthief's ghost (journeyman DrTm)
 20115 | Lair:6   | Killed Mindthief's ghost
 20583 | Lair:6   | Found a staircase to the Slime Pits.
 21022 | Lair:6   | Got a heavily runed ring mail
 21033 | Lair:6   | Identified the cursed +0 ring mail of the Peasants {rN+
                  | Int+4} (You found it on level 6 of the Lair of Beasts)
 21137 | Lair:6   | Learned a level 3 spell: Regeneration
 21167 | Lair:6   | Reached XP level 16. HP: 127/127 MP: 30/30
 21847 | Orc:1    | Entered Level 1 of the Orcish Mines
 21847 | Orc:1    | Noticed Urug
 21850 | Orc:1    | Found a roughly hewn altar of Beogh.
 21862 | Orc:1    | Killed Urug
 22080 | Orc:1    | Noticed Fannar
 22101 | Orc:1    | Killed Fannar
 22310 | Orc:2    | Entered Level 2 of the Orcish Mines
 22691 | Orc:2    | Noticed Jorgrun
 22770 | Orc:2    | Killed Jorgrun
 22833 | Orc:2    | Found a staircase to the Elven Halls.
 22858 | Orc:2    | Noticed Donald
 22879 | Orc:2    | Killed Donald
 23121 | Orc:2    | Found a roughly hewn altar of Beogh.
 23420 | Orc:2    | Found a roughly hewn altar of Beogh.
 23459 | Orc:2    | Noticed Azrael
 23474 | Orc:2    | Killed Azrael
 23547 | Orc:2    | Found Loamp's Jewellery Boutique.
 23547 | Orc:2    | Found Jyxer's General Store.
 23774 | Orc:2    | Bought a +5 amulet of reflection for 494 gold pieces
 23795 | Orc:2    | Bought a scroll of teleportation for 48 gold pieces
 23924 | Orc:2    | Found Suffath's Antique Armour Shoppe.
 23924 | Orc:2    | Found Xouppep's Magic Scroll Boutique.
 23929 | Orc:2    | Bought the +0 mask of the Dragon {MR+ Slay+3 SInv} for 1102
                  | gold pieces
 23929 | Orc:2    | Found the +0 mask of the Dragon {MR+ Slay+3 SInv}
 24182 | D:14     | Found a glowing golden altar of the Shining One.
 24993 | Orc:2    | Bought an uncursed ring of poison resistance for 240 gold
                  | pieces
 25157 | Spider:1 | Entered Level 1 of the Spider Nest
 25954 | Spider:2 | Upgraded the game from 0.25-a0-356-g7c9d860b3b to
                  | 0.25-a0-378-gd2ca0b7745
 26368 | Spider:3 | Noticed Roxanne
 26375 | Spider:3 | Reached XP level 17. HP: 135/135 MP: 32/32
 26499 | Spider:3 | Killed Roxanne
 27354 | Spider:4 | Entered Level 4 of the Spider Nest
 28219 | Spider:4 | Learned a level 1 spell: Magic Dart
 28319 | Spider:4 | Noticed Arachne
 28343 | Spider:4 | Killed Arachne
 28760 | Spider:4 | Learned a level 2 spell: Blink
 29265 | Spider:4 | Got a gossamer rune of Zot
 29378 | Spider:4 | Reached skill level 10 in Conjurations
 29378 | Spider:4 | Reached skill level 10 in Hexes
 29378 | Spider:4 | Reached skill level 10 in Charms
 29378 | Spider:4 | Reached skill level 10 in Summonings
 29378 | Spider:4 | Reached skill level 10 in Necromancy
 29378 | Spider:4 | Reached skill level 10 in Translocations
 29378 | Spider:4 | Reached skill level 10 in Transmutations
 29378 | Spider:4 | Reached skill level 10 in Fire Magic
 29378 | Spider:4 | Reached skill level 10 in Ice Magic
 29378 | Spider:4 | Reached skill level 10 in Air Magic
 29378 | Spider:4 | Reached skill level 10 in Earth Magic
 29378 | Spider:4 | Reached skill level 10 in Poison Magic
 29620 | D:15     | Entered Level 15 of the Dungeon
 29774 | D:15     | Reached XP level 18. HP: 143/143 MP: 33/33
 29962 | D:15     | Found a runed translucent door.
 29965 | D:15     | Found the ring of the Mage {Wiz MR++ Int+3}
 30020 | D:15     | Identified the +1 mace of Agony {elec, rElec Int+7} (You
                  | found it on level 15 of the Dungeon)
 30173 | D:15     | Found a portal to a secret trove of treasure.
 30433 | D:15     | Found a staircase to the Depths.
 30921 | Shoals:1 | Entered Level 1 of the Shoals
 32173 | Shoals:2 | Found Isoy's Gadget Shoppe.
 33046 | Shoals:3 | Upgraded the game from 0.25-a0-378-gd2ca0b7745 to
                  | 0.25-a0-403-g49d089a364
 34283 | Shoals:4 | Entered Level 4 of the Shoals
 34822 | Shoals:4 | Reached XP level 19. HP: 69/151 MP: 35/35
 36460 | Shoals:4 | Identified the ring "Iprut" {MR+ Str-2 SInv Stlth+}
 36731 | Shoals:4 | Identified the Compendium of Excruciating Intoxication
 37257 | Elf:1    | Entered Level 1 of the Elven Halls
 37299 | Elf:1    | Noticed Agnes
 37310 | Elf:1    | Killed Agnes
 37791 | Elf:1    | Identified the amulet of Yhocokk {RegenMP rPois Int+2}
 37815 | Elf:1    | Found a runed translucent gate.
 37815 | Elf:1    | Found a runed translucent gate.
 37815 | Elf:1    | Found a runed translucent gate.
 37815 | Elf:1    | Found a runed translucent gate.
 37815 | Elf:1    | Found a runed translucent gate.
 37817 | Elf:1    | Found a runed translucent gate.
 39294 | Elf:2    | Learned a level 6 spell: Shadow Creatures
 39347 | Elf:2    | Noticed Aizul
 39372 | Elf:2    | Killed Aizul
 39372 | Elf:2    | Reached XP level 20. HP: 136/159 MP: 29/36
 39658 | Elf:2    | Found a large runed translucent door.
 39658 | Elf:2    | Found a large runed translucent door.
 39673 | Elf:2    | Found a large runed translucent door.
 39673 | Elf:2    | Found a large runed translucent door.
 40115 | Elf:3    | Entered Level 3 of the Elven Halls
 40706 | Elf:3    | Noticed a Tzitzimitl
 40852 | Elf:3    | Identified the +10 spear of Punishment {elec, Str+3 Dex+2
                  | Stlth+}
 40854 | Elf:3    | Identified the ring of Payciurgh {Str+2 SInv}
 41013 | Elf:3    | Reached XP level 21. HP: 134/166 MP: 38/38
 41331 | Elf:3    | Learned a level 3 spell: Lesser Beckoning
 41346 | Elf:3    | Learned a level 6 spell: Freezing Cloud
 41745 | Vaults:1 | Entered Level 1 of the Vaults
 43037 | Vaults:2 | Reached skill level 15 in Fighting
 43037 | Vaults:2 | Reached skill level 15 in Armour
 43037 | Vaults:2 | Reached skill level 15 in Shields
 43111 | Vaults:2 | Noticed Boris
 43128 | Vaults:2 | Killed Boris
 43144 | Vaults:2 | Reached skill level 15 in Invocations
 43149 | Vaults:2 | Found a ruined gateway.
 43153 | Desolati | Entered the Desolation of Salt
 43548 | Desolati | Identified Facank's Papyrus of Talismans and Earth
 43551 | Desolati | Got a transparent jade ring
 43552 | Desolati | Identified the ring of the Saviour {rN+ Stlth+} (You found
                  | it in the Desolation of Salt)
 43553 | Desolati | Identified the Reference Book on Malediction and Shape
                  | Shifting
 43557 | Desolati | Identified the Collected Works on Ice
 43728 | Desolati | Identified the Papyrus of the Feathery Escort
 43743 | Desolati | Identified Mogrips's Collected Works on the Unstable Rocks
 43824 | Desolati | Identified the Grimoire of Glacial Poison
 43837 | Desolati | Reached XP level 22. HP: 98/175 MP: 36/40
 43910 | Desolati | Identified Natuos's Guide on Creation and the Volcanoes
 43929 | Desolati | Identified the ring "Pasyhiu" {*Corrode +Fly rElec Dex+6}
                  | (You found it in the Desolation of Salt)
 44627 | Vaults:2 | Learned a level 7 spell: Spellforged Servitor
 44729 | Vaults:2 | Found Fuckimue's Magic Scroll Shop.
 44741 | Vaults:2 | Bought a scroll of teleportation for 54 gold pieces
 44741 | Vaults:2 | Bought a scroll of teleportation for 54 gold pieces
 44741 | Vaults:2 | Bought a scroll of identify for 36 gold pieces
 44741 | Vaults:2 | Bought a scroll of blinking for 135 gold pieces
 44866 | Vaults:2 | Identified the cursed +0 war axe of Watchfulness {protect,
                  | +Blink rPois rF-} (You found it on level 2 of the Vaults)
 44869 | Vaults:2 | Got a translucent marble ring
 44870 | Vaults:2 | Identified the ring "Zugomes" {rF+ rCorr SInv} (You found
                  | it on level 2 of the Vaults)
 45127 | Vaults:2 | Upgraded the game from 0.25-a0-403-g49d089a364 to
                  | 0.25-a0-404-gc1b5a34292
 45640 | Vaults:3 | Reached skill level 15 in Axes
 46897 | Vaults:3 | You fall into a shaft and drop 1 floor!
 46942 | Vaults:4 | Reached XP level 23. HP: 183/183 MP: 41/41
 47560 | Vaults:3 | Found Qieff's Armour Shoppe.
 47627 | Vaults:3 | Found a staircase to the Crypt.
 47627 | Vaults:3 | Found an ancient bone altar of Kikubaaqudgha.
 47628 | Vaults:3 | Found a basalt altar of Yredelemnul.
 48211 | Vaults:4 | Noticed Boris
 48279 | Vaults:4 | Learned a level 7 spell: Orb of Destruction
 48286 | Vaults:4 | Learned a level 6 spell: Iron Shot
 48561 | Vaults:4 | Killed Boris
 49170 | Vaults:4 | Found Kuurotor's Jewellery Shop.
 49203 | Vaults:4 | Noticed Margery
 49236 | Vaults:4 | Killed Margery
 49681 | Depths:1 | Entered Level 1 of the Depths
 49681 | Depths:1 | Found a runed translucent gate.
 49681 | Depths:1 | Found a runed translucent gate.
 49681 | Depths:1 | Found a runed translucent gate.
 49682 | Depths:1 | Noticed qipq's ghost (adept FeVM)
 49697 | Depths:1 | Found a gateway to Hell.
 49716 | Depths:1 | Reached skill level 15 in Short Blades
 49716 | Depths:1 | Reached skill level 15 in Long Blades
 49716 | Depths:1 | Reached skill level 15 in Maces & Flails
 49716 | Depths:1 | Reached skill level 15 in Polearms
 49716 | Depths:1 | Reached skill level 15 in Staves
 49716 | Depths:1 | Reached skill level 15 in Slings
 49716 | Depths:1 | Reached skill level 15 in Bows
 49716 | Depths:1 | Reached skill level 15 in Crossbows
 49716 | Depths:1 | Reached skill level 15 in Throwing
 49716 | Depths:1 | Reached skill level 15 in Dodging
 49716 | Depths:1 | Reached skill level 15 in Stealth
 49716 | Depths:1 | Reached skill level 15 in Unarmed Combat
 49716 | Depths:1 | Reached skill level 15 in Spellcasting
 49716 | Depths:1 | Reached skill level 15 in Evocations
 49959 | Depths:1 | Found a corrupted altar of Lugonu.
 49959 | Depths:1 | Found a one-way gate to the infinite horrors of the Abyss.
 50050 | Depths:1 | Killed qipq's ghost
 50350 | Depths:1 | Found a runed translucent gate.
 50350 | Depths:1 | Found a runed translucent gate.
 50350 | Depths:1 | Found a runed translucent gate.
 50350 | Depths:1 | Found a runed translucent gate.
 50350 | Depths:1 | Found a runed translucent gate.
 50350 | Depths:1 | Found a runed translucent gate.
 50351 | Depths:1 | Found the +2 Maxwell's thermic engine {flame, freeze}
 51518 | Depths:1 | Annihilated by an Ice Fiend

Levels and vault maps discovered:
D:1:      dpeg_arrival_shrine, layout_basic, minmay_hexomino_r4
D:2:      layout_basic, eat_drink_and_be_merry_uskayaw, first_ration,
          nicolae_ru_path_of_blood
D:3:      layout_basic, lemuel_doored_altar,
          nicolae_gozag_cash_rules_everything_around_me, portal_sewer_entry_d
D:4:      layout_cave_pools, led_sif_pool, lemuel_coloured_pillars_altar,
          serial_shops, shop, nrook_mini_vaults
D:5:      layout_cave_pods, serial_column_ruins, column_ruins_temple_hall,
          column_ruins_open_tiny, column_ruins_open_tiny,
          column_ruins_open_small, column_ruins_columns_straight
D:6:      layout_basic, lemuel_round_altar, kennysheep_little_box,
          minmay_temple_entry_grid, minivault_11
D:7:      layout_loops_ring, lemuel_mausoleum_altar_yredelemnul, uniq_duvessa
D:8:      layout_rooms, lemuel_round_altar, demons_altar, grunt_pizzeria
D:9:      layout_irregular_city, lemuel_crystal_altar, minivault_29
D:10:     layout_irregular_city, due_lair_maze_entry_diamond,
          small_chamber_with_monster, kennysheep_nondescript,
          corexii_leaking_fountain
D:11:     layout_gridville, orc_david_3, uniq_josephine
D:12:     layout_roguey [special_room_orc], serial_shops,
          nicolae_shop_statue_plus, kennysheep_mini,
          nicolae_shop_window_shopping, portal_ice_cave_demonic_guard,
          uniq_frances
D:13:     layout_small_grid, skrybe_vaults_entry_preservation, serial_shops,
          shop_fountains, muffindrake_ghost_dual_entry
D:14:     layout_grid_maze, tso_metal_star
D:15:     hangedman_depths_entry_try_elsewhere_first, layout_loops_ring,
          chequers_big_river, nicolae_trove_entry_path_of_doom,
          kennysheep_treasure_room
Lair:1:   layout_cave_shapes, chequers_serial_rivers_micro_c,
          chequers_serial_rivers_micro_a, serial_bayou_crossing
Lair:2:   layout_long_grid, ebering_ghost_inner_flame, st_stairs_3,
          minmay_stone_trees_small, grunt_megastairs_5
Lair:3:   layout_cave_pods, minmay_shoals_entry_beasts,
          nicolae_spider_entry_orb_guardian, serial_bayou_shore_b
Lair:4:   layout_gridlike, basic_altar, uniq_nessos
Lair:5:   layout_loops_ring
Lair:6:   evilmike_catoblepas_cave, layout_regular_city, slime_dummy,
          ebering_ghost_rock_garden
Shoals:1: layout_shoals, abandoned_shop
Shoals:2: layout_shoals, serial_shops, shop
Shoals:3: layout_shoals
Shoals:4: shoals_end_simple, layout_shoals
Spider:1: layout_spider_delve
Spider:2: layout_spider_delve
Spider:3: layout_spider_delve, uniq_roxanne
Spider:4: spider_rune_water, nicolae_crawler_farm, uniq_arachne
Orc:1:    layout_caves, mines2_david, uniq_urug, uniq_fannar
Orc:2:    st_orc_town, layout_caves, basic_altar, uniq_jorgrun, uniq_azrael,
          uniq_donald
Elf:1:    eino_elf_arrival_shootout, layout_loops_corners, orc_legates,
          minivault_4, serial_sigils_hangedman_stare, drop_trap,
          nicolae_elf_stone_circles, st_stairs_1, uniq_agnes
Elf:2:    layout_gridlike, uniq_aizul
Elf:3:    grunt_elf_hall_asides, layout_gridlike, grunt_megastairs_2
Vaults:1: vaults_dpeg_ring, grunt_vaults_trifunnel, vaults_mumra_minichess,
          ontoclasm_vaults_spin, v_pattern_2,
          vaults_standard_mumra_enter_the_diamond, grunt_vaults_diagonal,
          nicolae_vaults_windows_and_doors_thing, vaults_room_pool,
          layout_vaults_omnigrid
Vaults:2: nicolae_vaults_stairing_the_circle, nicolae_vaults_three_branches,
          v_rooms_5, v_misc_8, v_misc_22, vaults_room_fours,
          nicolae_vaults_circle_grid_b, vaults_dpeg_spiral, v_misc_33,
          v_alt_pattern_3, nicolae_vaults_ninety_degrees, v_misc_19,
          nicolae_vaults_theta, vaults_room_hangedman_quadrants,
          layout_vaults_omnibox, portal_desolation_entry_salt, serial_shops,
          shop, uniq_boris
Vaults:3: nicolae_vaults_ring_of_whatevers, ontoclasm_vaults_shuriken,
          hangedman_vaults_corner, vaults_dpeg_diagonal,
          hangedman_vaults_restitches, minmay_crypt_entry_necro_gods,
          ontoclasm_vaults_idyll, hangedman_vaults_stitches,
          ontoclasm_vaults_loading_screen, grunt_vaults_funnel,
          dpeg_vaults_monster_box, layout_vaults_omnicross, serial_shops, shop
Vaults:4: v_misc_8, nicolae_vaults_little_squares_5, v_misc_22,
          hangedman_vaults_slice, nicolae_vaults_what_the_h, v_misc_28,
          nicolae_vaults_border_crossing, hangedman_vaults_river_flow,
          vaults_mumra_lcd, ontoclasm_vaults_pinch, vaults_room_pools,
          layout_vaults_chaotic_city, serial_shops, shop, uniq_margery
Depths:1: layout_gridville, pf_vacation_house_of_asmodeus,
          ebering_ghost_rock_garden, columned_hall_lemuel,
          abyss_entry_flame_altar, grunt_decor_cap,
          brannock_guarded_unrand_thermic_engine

Skill      XL: |  1  2  3  4  5  6  7  8  9 10 11 12 13 14 15 16 17 18 19 20 21 22 23 |
---------------+----------------------------------------------------------------------+-----
Invocations    | 1 2 3 4 5 6 7 8 9 10 11 12 13 14 15 16 | 16.2
Short Blades   | 1 2 3 4 5 6 7 8 9 10 11 12 13 14 15 | 15.1
Long Blades    | 1 2 3 4 5 6 7 8 9 10 11 12 13 14 15 | 15.1
Maces & Flails | 1 2 3 4 5 6 7 8 9 10 11 12 13 14 15 | 15.1
Polearms       | 1 2 3 4 5 6 7 8 9 10 11 12 13 14 15 | 15.1
Staves         | 1 2 3 4 5 6 7 8 9 10 11 12 13 14 15 | 15.1
Slings         | 1 2 3 4 5 6 7 8 9 10 11 12 13 14 15 | 15.1
Bows           | 1 2 3 4 5 6 7 8 9 10 11 12 13 14 15 | 15.1
Crossbows      | 1 2 3 4 5 6 7 8 9 10 11 12 13 14 15 | 15.1
Throwing       | 1 2 3 4 5 6 7 8 9 10 11 12 13 14 15 | 15.1
Dodging        | 1 2 3 4 5 6 7 8 9 10 11 12 13 14 15 | 15.1
Stealth        | 1 2 3 4 5 6 7 8 9 10 11 12 13 14 15 | 15.1
Unarmed Combat | 1 2 3 4 5 6 7 8 9 10 11 12 13 14 15 | 15.1
Spellcasting   | 1 2 3 4 5 6 7 8 9 10 11 12 13 14 15 | 15.1
Evocations     | 1 2 3 4 5 6 7 8 9 10 11 12 13 14 15 | 15.1
Conjurations   | 1 2 3 4 5 6 7 8 9 10 11 12 13 | 13.0
Hexes          | 1 2 3 4 5 6 7 8 9 10 11 12 13 | 13.0
Charms         | 1 2 3 4 5 6 7 8 9 10 11 12 13 | 13.0
Summonings     | 1 2 3 4 5 6 7 8 9 10 11 12 13 | 13.0
Necromancy     | 1 2 3 4 5 6 7 8 9 10 11 12 13 | 13.0
Translocations | 1 2 3 4 5 6 7 8 9 10 11 12 13 | 13.0
Transmutations | 1 2 3 4 5 6 7 8 9 10 11 12 13 | 13.0
Fire Magic     | 1 2 3 4 5 6 7 8 9 10 11 12 13 | 13.0
Ice Magic      | 1 2 3 4 5 6 7 8 9 10 11 12 13 | 13.0
Air Magic      | 1 2 3 4 5 6 7 8 9 10 11 12 13 | 13.0
Earth Magic    | 1 2 3 4 5 6 7 8 9 10 11 12 13 | 13.0
Poison Magic   | 1 2 3 4 5 6 7 8 9 10 11 12 13 | 13.0
Axes           | 5 6 7 8 9 10 11 12 13 14 15 | 15.6
Fighting       | 7 8 9 10 11 12 13 14 15 16 | 16.1
Armour         | 7 8 9 10 11 12 13 14 15 16 | 16.1
Shields        | 7 8 9 10 11 12 13 14 15 16 | 16.1

Action                   |  1- 3 |  4- 6 |  7- 9 | 10-12 | 13-15 | 16-18 | 19-21 | 22-24 || total
-------------------------+-------+-------+-------+-------+-------+-------+-------+-------++-------
Melee: War axe           |    65 |       |       |       |       |       |       |       ||    65
       Bite              |     8 |    11 |    76 |   187 |   335 |   488 |   374 |   243 ||  1722
       Flail             |    27 |   146 |   116 |       |       |       |       |       ||   289
       Mace              |       |       |   217 |   824 |  1282 |  2048 |   861 |       ||  5232
       Hand axe          |       |       |       |     9 |       |       |       |       ||     9
       Eveningstar       |       |       |       |       |       |       |   717 |   990 ||  1707
Throw: Dart              |       |     3 |    10 |    22 |    19 |     5 |     2 |     3 ||    64
 Cast: Apportation       |       |       |       |       |     2 |     5 |     2 |       ||     9
       Regeneration      |       |       |       |       |       |     6 |       |       ||     6
       Magic Dart        |       |       |       |       |       |     8 |       |       ||     8
       Passwall          |       |       |       |       |       |     6 |     1 |       ||     7
       Blink             |       |       |       |       |       |     2 |     2 |     4 ||     8
       Shadow Creatures  |       |       |       |       |       |       |     4 |       ||     4
       Freezing Cloud    |       |       |       |       |       |       |     1 |    11 ||    12
       Spellforged Servi |       |       |       |       |       |       |       |    13 ||    13
Invok: Slouch            |       |       |       |     5 |    15 |    10 |    16 |     4 ||    50
       Bend Time         |       |       |       |     1 |     1 |     1 |     1 |       ||     4
       Step From Time    |       |       |       |       |       |       |       |     1 ||     1
 Abil: Evoke Invisibilit |       |       |       |       |     2 |     2 |     7 |     2 ||    13
Evoke: Wand              |       |       |     2 |     6 |    21 |    33 |    26 |     1 ||    89
  Use: Scroll            |     5 |     5 |     9 |     6 |    13 |    14 |    16 |    13 ||    81
       Potion            |       |       |       |     4 |     6 |     4 |    10 |     1 ||    25
 Stab: Invisible         |       |     1 |     2 |    11 |    26 |     6 |    18 |       ||    64
       Paralysed         |       |       |       |       |     2 |       |       |       ||     2
       Confused          |       |       |       |       |     2 |       |       |       ||     2
       Petrified         |       |       |       |       |     2 |       |       |       ||     2
       Distracted        |       |       |       |       |     1 |     2 |     3 |     9 ||    15
       Petrifying        |       |       |       |       |     1 |       |       |       ||     1
       Sleeping          |       |       |       |       |       |    12 |    24 |    27 ||    63
       Held in net/web   |       |       |       |       |       |     1 |       |       ||     1
  Eat: Chunk             |     1 |     3 |     5 |    10 |    15 |    17 |     4 |    10 ||    65
       Ration            |       |       |       |     1 |     2 |     4 |     6 |     3 ||    16
Armor: Scale mail        |    17 |       |       |       |       |       |       |       ||    17
       Plate armour      |    28 |    95 |   157 |   256 |   639 |   730 |   508 |     7 ||  2420
       Fire dragon scale |       |       |       |       |       |       |       |   129 ||   129
Dodge: Dodged            |    30 |    34 |    92 |   340 |  1034 |  1546 |   989 |   636 ||  4701
Block: Shield            |    60 |   102 |   235 |   658 |  1513 |  2825 |  1993 |  1104 ||  8490
       Reflection        |       |       |       |       |       |    78 |   144 |    82 ||   304

Table legend:
 A = Non-vault XP
 B = Vault XP
 C = Vault XP percentage of total XP
 D = Non-vault monster count
 E = Vault monster count
 F = Vault count percentage of total count
                 A         B        C        D         E       F
            +---------+---------+-------+---------+---------+-------
      Total |  432569 |  367117 |  45.9 |    1223 |     689 |  36.0
            +---------+---------+-------+---------+---------+-------
        D:1 |      44 |       6 |  12.0 |      19 |       4 |  17.4
        D:2 |      36 |       0 |   0.0 |      11 |       0 |   0.0
        D:3 |     242 |      13 |   5.1 |      26 |       1 |   3.7
        D:4 |     366 |       0 |   0.0 |      13 |       0 |   0.0
        D:5 |     849 |       0 |   0.0 |      25 |       0 |   0.0
        D:6 |     842 |       0 |   0.0 |      16 |       0 |   0.0
        D:7 |    1454 |     818 |  36.0 |      31 |      14 |  31.1
        D:8 |    1777 |     264 |  12.9 |      20 |       4 |  16.7
        D:9 |    1280 |    4676 |  78.5 |      26 |      40 |  60.6
       D:10 |     940 |    3931 |  80.7 |      19 |      17 |  47.2
       D:11 |    3141 |     136 |   4.2 |      41 |       5 |  10.9
       D:12 |    7655 |    5081 |  39.9 |      45 |      27 |  37.5
       D:13 |   10342 |   14309 |  58.0 |      32 |      19 |  37.3
       D:14 |    3955 |       0 |   0.0 |      29 |       0 |   0.0
       D:15 |    9761 |    8412 |  46.3 |      23 |       8 |  25.8
     Lair:1 |    5545 |       0 |   0.0 |      25 |       0 |   0.0
     Lair:2 |    6240 |    1121 |  15.2 |      19 |       3 |  13.6
     Lair:3 |    4243 |    1254 |  22.8 |      20 |       3 |  13.0
     Lair:4 |    6908 |    1251 |  15.3 |      22 |       1 |   4.3
     Lair:5 |   12964 |       0 |   0.0 |      33 |       0 |   0.0
     Lair:6 |   17694 |   13186 |  42.7 |      53 |      24 |  31.2
   Shoals:1 |   11728 |       0 |   0.0 |      24 |       0 |   0.0
   Shoals:2 |   23359 |       0 |   0.0 |      48 |       0 |   0.0
   Shoals:3 |   15673 |       0 |   0.0 |      33 |       0 |   0.0
   Shoals:4 |   19626 |   19722 |  50.1 |      41 |      30 |  42.3
   Spider:1 |    8696 |       0 |   0.0 |      20 |       0 |   0.0
   Spider:2 |   10719 |       0 |   0.0 |      27 |       0 |   0.0
   Spider:3 |   18355 |    2117 |  10.3 |      58 |       1 |   1.7
   Spider:4 |   17124 |   24684 |  59.0 |      44 |      46 |  51.1
      Orc:1 |     874 |    1713 |  66.2 |      15 |       9 |  37.5
      Orc:2 |    3404 |   13568 |  79.9 |      32 |      62 |  66.0
      Elf:1 |   16270 |   22930 |  58.5 |      25 |      30 |  54.5
      Elf:2 |   21599 |   27212 |  55.7 |      39 |      31 |  44.3
      Elf:3 |   26512 |   39784 |  60.0 |      42 |      30 |  41.7
   Vaults:1 |   13527 |   17408 |  56.3 |      23 |      30 |  56.6
   Vaults:2 |   25057 |   35735 |  58.8 |      49 |      48 |  49.5
   Vaults:3 |   54455 |   13958 |  20.4 |      85 |      31 |  26.7
   Vaults:4 |   31054 |   23447 |  43.0 |      39 |      32 |  45.1
   Depths:1 |   18259 |   12774 |  41.2 |      31 |      13 |  29.5
      Sewer |       0 |     133 | 100.0 |       0 |      11 | 100.0
      IceCv |       0 |    6012 | 100.0 |       0 |      25 | 100.0
 Desolation |       0 |   51462 | 100.0 |       0 |      90 | 100.0
            +---------+---------+-------+---------+---------+-------
